 Dungeon Crawl Stone Soup version 0.29.1-13-g9f3cf754e1 (webtiles) character file.

Game seed: 1211088946701342450

798 javelincjr the Digger (level 7, -5/38 HPs)
             Began as a Gargoyle Earth Elementalist on Jan 23, 2023.
             Slain by an ice beast (10 damage)
             ... on level 5 of the Dungeon.
             The game lasted 00:16:23 (5175 turns).

javelincjr the Digger (Gargoyle Earth Elementalist) Turns: 5175, Time: 00:16:23

Health: -5/38      AC: 10    Str: 12    XL:     7   Next: 89%
Magic:  8/15       EV: 12    Int: 17    God:
Gold:   265        SH:  0    Dex: 10    Spells: 14/17 levels left

rFire   . . .      SeeInvis .   s - +4 quarterstaff (chaos)
rCold   . . .      Faith    .   (shield currently unavailable)
rNeg    + . .      Spirit   .   k - +2 robe {Will+}
rPois   ∞          Reflect  .   (no helmet)
rElec   +          Harm     .   t - +0 cloak
rCorr   .          Rampage  .   g - +0 pair of gloves
Will    +....                   (no boots)
Stlth   ++........              (no amulet)
HPRegen 0.12/turn               (no ring)
MPRegen 0.14/turn               (no ring)

@: no status effects
A: sickness immunity, AC +4, negative energy resistance 1, electricity
resistance, torment resistance 1, petrification resistance
a: no special abilities


You were on level 5 of the Dungeon.
You visited 1 branch of the dungeon, and saw 5 of its levels.

You collected 265 gold pieces.

Inventory:

Hand Weapons
 a - a +2 dagger of electrocution
 s - a +4 quarterstaff of chaos (weapon)
Missiles
 d - 2 boomerangs of dispersal
Armour
 g - a +0 pair of gloves (worn)
 k - a +2 robe of willpower (worn)
 t - a +0 cloak (worn)
Wands
 l - a wand of paralysis (9)
Scrolls
 e - 2 scrolls of fear
 f - 2 scrolls of identify
 h - a scroll of torment {unknown}
 n - 2 scrolls of noise {unknown}
Potions
 b - 3 potions of magic
 c - 2 potions of attraction
 i - 2 potions of lignification
 j - a potion of brilliance
 m - a potion of mutation {unknown}


   Skills:
 + Level 1.1 Fighting
 + Level 2.2 Staves
 + Level 2.0 Dodging
 + Level 2.7 Stealth
 + Level 5.7 Spellcasting
 + Level 0.7 Transmutations
 + Level 7.0 Earth Magic


You had 14 spell levels left.
You knew the following spells:

 Your Spells              Type           Power      Damage    Failure   Level
a - Sandblast             Erth           56%        2d13      1%          1
b - Passwall              Tmut/Erth      15%        N/A       4%          2

Your spell library contained the following spells:

 Spells                   Type           Power      Damage    Failure   Level
 Stone Arrow              Conj/Erth      32%        3d9       10%         3
 Static Discharge         Conj/Air       4%         3-4/arc   21%         2
 Petrify                  Tmut/Erth      18%        N/A       26%         4
 Lightning Bolt           Conj/Air       2%         1d13      98%         5
 Maxwell's Capacitive Co  Air            2%         ∞         100%        8


Dungeon Overview and Level Annotations

Branches:
Dungeon (5/15)
 Temple: D:4-7

Altars:
Cheibriados
Kikubaaqudgha
Wu Jian


Innate Abilities, Weirdness & Mutations

You are immune to sickness and miasma.
Your stone body is resilient. (AC +4)
You are immune to poison.
You resist negative energy. (rN+)
You are resistant to electric shocks. (rElec)
You are resistant to unholy torment.
You are immune to petrification.


Message History

The blast of sand hits the ice beast but does no damage.
The ice beast is heavily wounded.
The ice beast hits you but does no damage.
The ice beast hits you. The ice beast freezes you!
Casting: Sandblast (safe; 1% risk of failure)
Confirm with . or Enter, or press ? or * to list all spells.
Aiming: Sandblast (safe; 1% risk of failure)
Press: ? - help, Shift-Dir - straight line, f/p - ice beast
Aim: an ice beast (heavily wounded, 83% to hit)
The blast of sand misses the ice beast.
The ice beast closely misses you.
Casting: Sandblast (safe; 1% risk of failure)
Confirm with . or Enter, or press ? or * to list all spells.
Aiming: Sandblast (safe; 1% risk of failure)
Press: ? - help, Shift-Dir - straight line, f/p - ice beast
Aim: an ice beast (heavily wounded, 83% to hit)
The blast of sand hits the ice beast.
The ice beast is severely wounded.
The ice beast hits you. The ice beast freezes you.
The ice beast barely misses you.
Casting: Sandblast (safe; 1% risk of failure)
Confirm with . or Enter, or press ? or * to list all spells.
Aiming: Sandblast (safe; 1% risk of failure)
Press: ? - help, Shift-Dir - straight line, f/p - ice beast
Aim: an ice beast (severely wounded, 83% to hit)
The blast of sand hits the ice beast but does no damage.
The ice beast is severely wounded.
The ice beast hits you. The ice beast freezes you!
* * * LOW HITPOINT WARNING * * *
Casting: Sandblast (safe; 1% risk of failure)
Confirm with . or Enter, or press ? or * to list all spells.
Aiming: Sandblast (safe; 1% risk of failure)
Press: ? - help, Shift-Dir - straight line, f/p - ice beast
Aim: an ice beast (severely wounded, 83% to hit)
The blast of sand hits the ice beast.
The ice beast is severely wounded.
The ice beast hits you but does no damage.
The ice beast hits you.
* * * LOW HITPOINT WARNING * * *
The ice beast freezes you!
You die...

......#..?..........##...##......
.....###.............#...##.....#
....## .......###........##...##
......###.#>....#.#..?#
..............#.......## ........
.........#....#.....#... .......
..................####.. ......
............##....####..
.....#######...Y@...#......##....
..#.....## #...$.......#......###
..#..._.# #................#####
........# #................# #.
.....#######................####.
#...†.....................##..#..
##.......................####....
#....#...............#.#..# ##.##
#.†.........#.......)##...###..#


You could see an ice beast.

Vanquished Creatures
  Eustachio (D:4)
  An ogre (D:5)
  A bullfrog (D:4)
  A scorpion (D:5)
  A hound (D:5)
  Crazy Yiuf (D:3)
  Ijyb (D:4)
  Jessica (D:2)
  Natasha (thrice) (D:4)
  An orc wizard (D:4)
  4 gnolls (D:3)
  7 adders
  4 shadow imps
  2 ufetubi (D:4)
  An adder skeleton (D:2)
  An adder zombie (D:2)
  A worm (D:5)
  3 dart slugs
  7 orcs
  7 ball pythons
  2 bat skeletons (D:2)
  4 endoplasms
  4 goblins
  2 hobgoblins (D:4)
  3 jackals (D:1)
  3 kobolds
  5 quokkas
  A ball python skeleton (D:2)
  A ball python zombie (D:2)
  6 bats
  4 frilled lizards
  A jackal zombie (D:2)
  2 quokka skeletons (D:2)
  6 rats
93 creatures vanquished.

Vanquished Creatures (others)
  10 demonic plants (D:4)
10 creatures vanquished.

Grand Total: 103 creatures vanquished

Notes
Turn   | Place    | Note
-------+----------+-------------------------------------------
     0 | D:1      | javelincjr the Gargoyle Earth Elementalist began the quest
                  | for the Orb.
     0 | D:1      | Reached XP level 1. HP: 10/10 MP: 3/3
   352 | D:1      | Reached XP level 2. HP: 8/15 MP: 0/5
   655 | D:1      | Reached skill level 4 in Earth Magic
  1542 | D:2      | Reached XP level 3. HP: 19/19 MP: 4/7
  1801 | D:2      | Noticed Jessica
  1807 | D:2      | Killed Jessica
  1808 | D:2      | Reached XP level 4. HP: 16/24 MP: 2/8
  2332 | D:2      | Reached skill level 5 in Earth Magic
  2551 | D:3      | Reached XP level 5. HP: 28/28 MP: 8/10
  2804 | D:3      | Found a faded altar of an unknown god.
  2957 | D:3      | Found an ornate altar of the Wu Jian Council.
  3242 | D:3      | Found a runed translucent door.
  3243 | D:3      | Noticed Crazy Yiuf
  3249 | D:3      | Learned a level 2 spell: Passwall
  3251 | D:3      | Killed Crazy Yiuf
  3550 | D:4      | Reached XP level 6. HP: 32/32 MP: 9/12
  3745 | D:4      | Noticed Eustachio
  3800 | D:4      | Killed Eustachio
  3801 | D:4      | Reached skill level 5 in Spellcasting
  3801 | D:4      | Reached skill level 6 in Earth Magic
  3801 | D:4      | Reached XP level 7. HP: 37/37 MP: 8/14
  3968 | D:4      | Noticed Natasha
  3974 | D:4      | Killed Natasha
  4123 | D:4      | Noticed Natasha
  4132 | D:4      | Killed Natasha
  4133 | D:4      | Reached skill level 1 in Staves
  4230 | D:4      | Noticed Natasha
  4237 | D:4      | Killed Natasha
  4380 | D:4      | Noticed Ijyb
  4389 | D:4      | Killed Ijyb
  4559 | D:5      | Entered Level 5 of the Dungeon
  4894 | D:5      | Found a snail-covered altar of Cheibriados.
  4929 | D:5      | Reached skill level 1 in Fighting
  4945 | D:5      | Found an ancient bone altar of Kikubaaqudgha.
  4951 | D:5      | Reached skill level 7 in Earth Magic
  5175 | D:5      | Slain by an ice beast

Illustrated notes

Levels and vault maps discovered:
D:1:      dpeg_arrival_subterranean_lakeside_camping, layout_basic
D:2:      layout_basic, serial_undead, serial_undead_e, serial_undead_e,
          serial_undead_a, serial_undead_e, serial_undead_f, serial_undead_b,
          serial_undead_e, kennysheep_jessica_study
D:3:      layout_loops_ring, nicolae_wu_jian_wuxing_cycle,
          hellmonk_ecumenical_altar_run_dry, uniq_crazy_yiuf_cottage
D:4:      layout_basic, serial_demonic, serial_demonic_g, serial_demonic_d,
          serial_demonic_b, serial_demonic_c, uniq_ijyb, uniq_natasha,
          uniq_eustachio
D:5:      layout_layer_cave, kennysheep_mini_moat,
          mainiacjoe_overflow_cross_hatched, tgw_kikubaaqudgha

Skill      XL: |  1  2  3  4  5  6  7 |
---------------+----------------------+-----
Earth Magic    | 4 5 6 7 |  7.0
Spellcasting   | 3 4 5 |  5.7
Staves         | 2 |  2.2
Fighting       | 1 |  1.1
Dodging        | 2 |  2.0
Stealth        | |  2.7
Transmutations | |  0.7

Action                   |  1- 3 |  4- 6 |  7- 9 || total
-------------------------+-------+-------+-------++-------
Melee: Dagger            |    16 |       |       ||    16
       Unarmed           |    11 |       |       ||    11
       Punch             |     1 |       |       ||     1
       Short sword       |       |     5 |       ||     5
       Quarterstaff      |       |       |    41 ||    41
 Cast: Sandblast         |    36 |    76 |    26 ||   138
  Use: Scroll            |       |     8 |       ||     8
       Potion            |       |     3 |       ||     3
 Stab: Petrifying        |       |       |     1 ||     1
       Sleeping          |       |       |     1 ||     1
Armor: Robe              |    19 |    22 |    13 ||    54
Dodge: Dodged            |    43 |    27 |    25 ||    95
